General information
			
			
        
        - name: BNet
 
        - type: Ladder team game (AT/RT)
 
        - host: Battle.net
 
        - saver: clustercluck1
 
        
map: Goldshire 
        - players: 4
 
        - length: 12:53
 
        - speed: Fast
 - version: 1.22 W3XP
 - replay type:  Public
 
» download(79 KB)
Players
        team 1 (loser) 
              
              
sitio (
purple | 100 APM | 1281 actions | 12:51)
              
 4 Archmage 
 2 Summon Water Elemental
 2 Brilliance Aura
 
                » actions 
                
                | Assign group hotkey | 29 |  | 
| Basic commands | 130 |  | 
| Build / train | 56 |  | 
| ESC pressed | 6 |  | 
| Enter build submenu | 8 |  | 
| Enter hero's abilities submenu | 4 |  | 
| Give item / drop item | 1 |  | 
| Remove unit from queue | 1 |  | 
| Right click | 539 |  | 
| Select / deselect | 273 |  | 
| Select group hotkey | 122 |  | 
| Use ability | 112 |  | 
                1281 total
 » units 
                » upgrades
                
                | Defend | 1 |  | 
| Lumber Harvesting | 1 |  | 
                2 total
 » buildings
                
                | Altar of Kings | 1 |  | 
| Farm | 2 |  | 
| Barracks | 1 |  | 
| Arcane Vault | 1 |  | 
| Lumber Mill | 1 |  | 
| Keep | 3 |  | 
| Scout Tower | 1 |  | 
                10 total
 » build order
                00:08 Altar of Kings
00:14 Farm
00:34 Barracks
01:08 Farm
01:39 Arcane Vault
01:58 Lumber Mill
03:35 Keep
03:35 Keep
03:39 Scout Tower
» items
                
                | Scroll of Regeneration | 2 |  | 
| Lesser Clarity Potion | 1 |  | 
                3 total
  
               
              
              
TcHuCo (
yellow | 113 APM | 1451 actions | 12:49)
              
 5 Far Seer 
 3 Feral Spirit
 2 Chain Lighting
 2 Shadow Hunter 
 1 Healing Wave
 1 Hex
 
                » actions 
                
                | Assign group hotkey | 42 |  | 
| Basic commands | 148 |  | 
| Build / train | 59 |  | 
| Enter build submenu | 11 |  | 
| Enter hero's abilities submenu | 7 |  | 
| Right click | 597 |  | 
| Select / deselect | 272 |  | 
| Select group hotkey | 255 |  | 
| Use ability | 60 |  | 
                1451 total
 » units 
                
                | Peon | 16 |  | 
| Troll Headhunter/Berserker | 12 |  | 
| Grunt | 1 |  | 
| Troll Witch Doctor | 2 |  | 
                31 total
 » upgrades
                
                | Ranged Weapons | 1 |  | 
| Witch Doctor Training | 2 |  | 
                3 total
 » buildings
                
                | Altar of Storms | 1 |  | 
| Orc Burrow | 4 |  | 
| War Mill | 1 |  | 
| Barracks | 1 |  | 
| Watch Tower | 2 |  | 
| Stronghold | 3 |  | 
| Voodoo Lounge | 1 |  | 
| Spirit Lodge | 1 |  | 
| Fortress | 3 |  | 
                17 total
 » build order
                00:08 Altar of Storms
00:13 Orc Burrow
00:41 War Mill
01:21 Barracks
01:53 Orc Burrow
01:56 Orc Burrow
02:32 Watch Tower
03:41 Stronghold
03:41 Stronghold
03:42 Stronghold
05:15 Voodoo Lounge
05:26 Orc Burrow
07:52 Spirit Lodge
09:12 Fortress
09:12 Fortress
10:12 Watch Tower
» items
                
                | Potion of Mana | 3 |  | 
| Potion of Healing | 1 |  | 
                4 total
  
               team 2 (winner) 
              
              
clustercluck1 (
orange | 86 APM | 1111 actions | 12:53)
              
 5 Dark Ranger 
 3 Black Arrow
 2 Life Drain
 
                » actions 
                
                | Assign group hotkey | 35 |  | 
| Build / train | 47 |  | 
| Enter build submenu | 13 |  | 
| Enter hero's abilities submenu | 5 |  | 
| Give item / drop item | 2 |  | 
| Remove unit from queue | 1 |  | 
| Right click | 411 |  | 
| Select / deselect | 154 |  | 
| Select group hotkey | 393 |  | 
| Use ability | 50 |  | 
                1111 total
 » units 
                » buildings
                
                | Crypt | 2 |  | 
| Ziggurat | 4 |  | 
| Altar of Darkness | 1 |  | 
| Tomb of Relics | 2 |  | 
| Nerubian Tower | 3 |  | 
| Halls of the Dead | 1 |  | 
| Graveyard | 1 |  | 
                14 total
 » build order
                00:03 Crypt
00:04 Ziggurat
00:49 Altar of Darkness
00:53 Ziggurat
01:24 Crypt
01:48 Tomb of Relics
01:50 Tomb of Relics
02:01 Nerubian Tower
02:02 Nerubian Tower
02:34 Nerubian Tower
03:25 Ziggurat
05:27 Halls of the Dead
05:43 Ziggurat
09:27 Graveyard
» items
                
                | Rod of Necromancy | 3 |  | 
| Dust of Appearance | 1 |  | 
                4 total
  
               
              
              
Wereshrew1 (
teal | 162 APM | 2089 actions | 12:52)
              
 4 Keeper of the Grove 
 2 Force of Nature
 2 Entangling Roots
 
                » actions 
                
                | Assign group hotkey | 20 |  | 
| Build / train | 43 |  | 
| Enter build submenu | 7 |  | 
| Enter hero's abilities submenu | 5 |  | 
| Remove unit from queue | 3 |  | 
| Right click | 968 |  | 
| Select / deselect | 284 |  | 
| Select group hotkey | 710 |  | 
| Use ability | 49 |  | 
                2089 total
 » units 
                » buildings
                
                | Altar of Elders | 1 |  | 
| Moon Well | 4 |  | 
| Ancient of War | 2 |  | 
                7 total
 » build order
                00:04 Altar of Elders
00:19 Moon Well
00:33 Ancient of War
01:50 Moon Well
02:54 Moon Well
03:29 Ancient of War
05:11 Moon Well
» items
                 
                Chat log
          (00:17 / All) clustercluck1: I work at wal-mart
(00:23 / All) sitio: kk
(00:26 / All) clustercluck1: produce
(00:41 / All) sitio: gl
(12:48 / All) TcHuCo: gg noob
(12:51 / All) clustercluck1: :)